 Dungeon Crawl Stone Soup version 0.31-a0-246-g8cbcc1cb85 (webtiles) character file.

Game seed: 3859021256335378287

74 qw the Shooter (level 4, -5/26 HPs)
             Began as a Gargoyle Hexslinger on July 12, 2023.
             Slain by a lemure (8 damage)
             ... led by Pikel
             ... on level 4 of the Dungeon.
             The game lasted 00:00:51 (2359 turns).

qw the Shooter (Gargoyle Hexslinger)                Turns: 2359, Time: 00:00:51

Health: -5/26      AC:  9    Str: 12    XL:     4   Next: 28%
Magic:  5/5        EV: 10    Int: 13    God:
Gold:   148        SH:  0    Dex: 14    Spells: 4/5 levels left

rFire   . . .        Y - +1 sling
rCold   . . .        (no shield)
rNeg    + . .        l - +0 ring mail
rPois   inf          (no helmet)
rElec   +            (no cloak)
rCorr   .            (no gloves)
SInv    .            e - +0 pair of boots
Will    +....        b - amulet of regeneration
Stlth   +            g - ring of willpower
HPRegen 1.04/turn    (no ring)
MPRegen 0.09/turn

%: no passive effects
@: about to teleport
A: sickness immunity, AC +3, negative energy resistance 1, electricity
resistance, torment resistance 1, petrification resistance
a: no special abilities


You were on level 4 of the Dungeon.
You visited 1 branch of the dungeon, and saw 4 of its levels.

You collected 148 gold pieces.


Innate Abilities, Weirdness & Mutations

You are immune to sickness and miasma.
Your stone body is resilient. (AC +3)
You are immune to poison.
You resist negative energy. (rN+)
You are resistant to electric shocks. (rElec)
You are resistant to unholy torment.
You are immune to petrification.


   Skills:
 - Level 2.0 Fighting
 - Level 4.1 Ranged Weapons
 + Level 0.0 Armour
 - Level 1.5 Dodging
 - Level 1.0 Spellcasting
 - Level 2.6 Hexes


You had 4 spell levels left.
You knew the following spells:

 Your Spells              Type           Power      Damage    Failure   Level
a - Slow                  Hex            28%        N/A       22%         1

Your spell library contained the following spells:

 Spells                   Type           Power      Damage    Failure   Level
 Inner Flame              Hex/Fire       4%         N/A       73%         3
 Portal Projectile        Hex/Tloc       8%         N/A       73%         3
 Cause Fear               Hex            3%         N/A       91%         4

Inventory:

Hand Weapons
 Y - a +1 sling (weapon)
Armour
 e - a +0 pair of boots (worn)
 l - a +0 ring mail (worn)
Jewellery
 b - an amulet of regeneration (around neck)
 g - a ring of willpower (left hand)
Scrolls
 d - 2 scrolls of revelation {unknown}
 k - a scroll of identify
Potions
 c - a potion of magic {unknown}
 f - a potion of haste {unknown}
 h - a potion of degeneration {unknown}
 i - a potion of attraction {unknown}

Dungeon Overview and Level Annotations

Branches:
Dungeon (4/15)
 Temple: D:4-7

Altars:

Shops:
D:2 =   D:3 :

Annotations:
D:4 Pikel


Message History

The lemure hits you but does no damage.
You shoot a sling bullet.
The sling bullet closely misses the lemure.
The sling bullet hits the lemure.
The lemure is lightly wounded.
The lemure closely misses you. Pikel hits you but does no damage.
The lemure closely misses you. The lemure hits you but does no damage.
Pikel hits you with a +0 whip of electrocution.
You shoot a sling bullet. The sling bullet hits the lemure.
The lemure is moderately wounded.
The lemure hits you but does no damage.
Pikel hits you with a +0 whip of electrocution.
The lemure misses you. The lemure hits you.
You shoot a sling bullet. The sling bullet hits the lemure.
The lemure is moderately wounded.
Pikel hits you but does no damage.
The lemure hits you but does no damage. x2
The lemure hits you.
You shoot a sling bullet.
The sling bullet closely misses the lemure.
The sling bullet barely misses the lemure.
The lemure hits you but does no damage. Pikel misses you.
The lemure misses you. The lemure completely misses you.
The lemure hits you but does no damage. The lemure barely misses you.
The lemure hits you but does no damage.
Pikel hits you with a +0 whip of electrocution.
You shoot a sling bullet.
The sling bullet hits the lemure but does no damage.
The lemure is moderately wounded.
Pikel barely misses you. The lemure hits you but does no damage.
The lemure hits you.
You shoot a sling bullet.
The sling bullet barely misses the lemure.
The lemure hits you but does no damage. The lemure closely misses you.
Pikel hits you with a +0 whip of electrocution.
The lemure hits you. x2
2359 ||| READING scroll of teleportation.
As you read the scroll of teleportation, it crumbles to dust.
You feel strangely unstable. The lemure closely misses you.
Pikel hits you but does no damage.
The lemure hits you but does no damage. x2; The lemure hits you!
You die...

.#..........## ##............#
.#.#.........###..........####
.#.####.......#......###.##
.#.#......#.###.###..###.#
...+......#.# #........#.#
.#.#.....##.###......#.#.#
.#.#.....................#
#.#....##.<.....#########
...........##.5@5....$.
....######.##.55K...... .#...
#.##.#......#. #...
#.##'#.###### .. #... ... #...
... .... ... #........


You could see Pikel and 4 lemures.

Vanquished Creatures
  2 adders (D:3)
  A worm (D:2)
  2 dart slugs
  4 ball pythons (D:3)
  7 endoplasms
  2 giant cockroaches (D:1)
  5 goblins
  7 hobgoblins
  2 quokkas (D:3)
  8 bats
  2 frilled lizards (D:1)
  4 kobolds
  2 rats (D:1)
48 creatures vanquished.

Notes
Turn   | Place    | Note
-------+----------+-------------------------------------------
     0 | D:1      | qw the Gargoyle Hexslinger began the quest for the Orb.
     0 | D:1      | Reached XP level 1. HP: 12/12 MP: 2/2
     0 | D:1      | 0 ||| qw: Version: 0.3-a-52-g30416fa
     0 | D:1      | 0 ||| qw: Game counter: 6492
     0 | D:1      | 0 ||| qw: Melee chars always use a shield: true
     0 | D:1      | 0 ||| qw: God list: Okawaru
     0 | D:1      | 0 ||| qw: Allow faded altars: false
     0 | D:1      | 0 ||| qw: Do Orc after clearing Dungeon:15 true
     0 | D:1      | 0 ||| qw: Do second Lair branch before Depths: true
     0 | D:1      | 0 ||| qw: Lair rune preference: random
     0 | D:1      | 0 ||| qw: Goals: Normal
     0 | D:1      | 0 ||| PLANNING D:1-11
   203 | D:1      | Reached XP level 2. HP: 16/16 MP: 3/3
   389 | D:1      | Reached skill level 3 in Ranged Weapons
   693 | D:1      | 693 ||| UPGRADING to +0 leather armour.
   703 | D:1      | 703 ||| DROPPING +0 robe.
   704 | D:1      | 704 ||| UPGRADING to ring of willpower.
   705 | D:1      | 705 ||| READING scroll labelled WETOJYHIVAO.
   706 | D:1      | 706 ||| READING scroll labelled NUPSUO AREHAPRU.
   707 | D:1      | 707 ||| READING scroll labelled NOTUMY TIRELIY.
   708 | D:1      | 708 ||| READING scroll labelled TEMUMO ZASOD.
   712 | D:1      | 712 ||| READING scroll labelled CAYG ZINWIEPE.
   713 | D:1      | 713 ||| DROPPING scroll of poison.
   841 | D:2      | Reached XP level 3. HP: 21/21 MP: 4/4
   906 | D:2      | Found Eqeifrahon's Jewellery Boutique.
   939 | D:2      | 939 ||| SHOPLISTING +4 ring of slaying (1092 gold, have
                  | 102).
   939 | D:2      | 939 ||| SHOPLISTING +5 ring of evasion (504 gold, have
                  | 102).
   939 | D:2      | 939 ||| SHOPLISTING +6 ring of dexterity (504 gold, have
                  | 102).
   939 | D:2      | 939 ||| SHOPLISTING ring of positive energy (280 gold, have
                  | 102).
   939 | D:2      | 939 ||| SHOPLISTING ring of see invisible (210 gold, have
                  | 102).
   939 | D:2      | 939 ||| SHOPLISTING ring of willpower (350 gold, have 102).
  1341 | D:2      | 1341 ||| UPGRADING to +0 pair of boots.
  1346 | D:2      | 1346 ||| UPGRADING to amulet of regeneration.
  1351 | D:2      | 1351 ||| DRINKING 2 puce potions.
  1456 | D:2      | 1456 ||| DROPPING potion of berserk rage.
  1489 | D:3      | Found Conisoit's Book Boutique.
  1807 | D:3      | Reached XP level 4. HP: 26/26 MP: 5/5
  1825 | D:3      | Reached skill level 4 in Ranged Weapons
  2229 | D:3      | 2229 ||| UPGRADING to +0 ring mail.
  2239 | D:3      | 2239 ||| DROPPING +0 leather armour.
  2240 | D:3      | 2240 ||| READING scroll labelled ROEVYO YMITT.
  2241 | D:3      | 2241 ||| READING 2 scrolls labelled RYMAIRHYXI.
  2343 | D:4      | Noticed Pikel
  2343 | D:4      | Noticed a lemure
  2344 | D:4      | Noticed a lemure
  2345 | D:4      | Noticed a lemure
  2348 | D:4      | Noticed a lemure
  2358 | D:4      | HP: 6/26 [lemure[Pikel] (6)]
  2358 | D:4      | HP: 2/26 [lemure[Pikel] (4)]
  2359 | D:4      | 2359 ||| READING scroll of teleportation.
  2359 | D:4      | Slain by a lemure

Levels and vault maps discovered:
D:1:      psy_arrival_heroes, layout_basic
D:2:      layout_basic, serial_shops, nicolae_shop_tiny_waterfront
D:3:      layout_basic, serial_shops, nicolae_shop_trees,
          chequers_serial_rivers_room_b, amcnicky_mini_pool_small
D:4:      layout_basic, yredelemnul_altar_generic, dk_vineyard_2,
          hangedman_decor_peaks_small, nicolae_figureground_pulse, uniq_pikel

Skill      XL: |  1  2  3  4 |
---------------+-------------+-----
Ranged Weapons | 3 4 |  4.1
Fighting       | 2 |  2.0
Dodging        | |  1.5
Spellcasting   | |  1.0
Hexes          | |  2.6

Action                     |  1- 3 |  4- 6 || total
---------------------------+-------+-------++-------
   Fire: Sling             |   150 |    33 ||   183
    Use: Scroll            |     5 |     3 ||     8
         Potion            |     1 |       ||     1
 Armour: Leather armour    |    26 |     1 ||    27
         Robe              |     8 |       ||     8
         Ring mail         |       |    16 ||    16
  Dodge: Dodged            |    46 |    15 ||    61

Table legend:
 A = Non-vault XP
 B = Vault XP
 C = Vault XP percentage of total XP
 D = Non-vault monster count
 E = Vault monster count
 F = Vault count percentage of total count
                 A         B        C        D         E       F
            +---------+---------+-------+---------+---------+-------
      Total |     106 |       0 |   0.0 |      48 |       0 |   0.0
            +---------+---------+-------+---------+---------+-------
        D:1 |      28 |       0 |   0.0 |      18 |       0 |   0.0
        D:2 |      23 |       0 |   0.0 |      13 |       0 |   0.0
        D:3 |      55 |       0 |   0.0 |      17 |       0 |   0.0
            +---------+---------+-------+---------+---------+-------
